 Dungeon Crawl Stone Soup version 0.29.0-7-g18a832c13a (webtiles) character file.

Game seed: 16072994340724582328

805 brob1 the Cleaver (level 7, 0/61 HPs)
             Began as a Minotaur Berserker on Sept 1, 2022.
             Was a Priest of Trog.
             Killed by divine providence
             ... invoked by an orc priest
              (11 damage)
             ... on level 5 of the Dungeon.
             The game lasted 00:04:23 (4048 turns).

brob1 the Cleaver (Minotaur Berserker)              Turns: 4048, Time: 00:04:24

Health: 0/61       AC: 12    Str: 24    XL:     7   Next: 60%
Magic:  6/6        EV:  7    Int:  4    God:    Trog [***...]
Gold:   211        SH:  0    Dex:  9    Spells: 6/6 levels left

rFire   . . .      SeeInvis .   t - +0 hand axe (flame)
rCold   . . .      Faith    .   (no shield)
rNeg    . . .      Spirit   .   h - +0 plate armour
rPois   .          Reflect  .   (helmet restricted)
rElec   .          Harm     .   (no cloak)
rCorr   .          Rampage  .   (no gloves)
Will    .....                   (no boots)
Stlth   ..........              (no amulet)
HPRegen 0.20/turn               (no ring)
MPRegen 0.10/turn               (no ring)

@: confused
A: horns 2, retaliatory headbutt
a: Renounce Religion, Berserk, Trog's Hand


You were on level 5 of the Dungeon.
You worshipped Trog.
Trog was most pleased with you.
You visited 1 branch of the dungeon, and saw 5 of its levels.

You collected 211 gold pieces.

Inventory:

Hand Weapons
 a - a +0 hand axe
 m - a +0 whip
 n - a +0 morningstar
 t - a +0 hand axe of flaming (weapon)
Armour
 b - a +0 animal skin
 h - a +0 plate armour (worn)
Jewellery
 k - a ring of magical power
 s - an amulet of the acrobat
Wands
 q - a wand of digging (7)
Scrolls
 c - a scroll of amnesia {unknown}
 f - 2 scrolls of fog
 i - 4 scrolls of teleportation
 j - a scroll of blinking
Potions
 d - a potion of brilliance
 e - 2 potions of haste {unknown}
 g - a potion of heal wounds {unknown}
 l - a potion of might {unknown}
 o - a potion of experience {unknown}
 p - 3 potions of curing
 r - a potion of attraction {unknown}


   Skills:
 + Level 5.5 Fighting
 + Level 8.3 Axes
 + Level 5.1 Armour
 + Level 3.5 Dodging


You had 6 spell levels left.
You didn't know any spells.
Your spell library was empty.

Dungeon Overview and Level Annotations

Branches:
Dungeon (5/15)
 Temple: D:4-7

Altars:

Shops:
D:4 *   D:5 ?


Innate Abilities, Weirdness & Mutations

You have a pair of horns on your head.
You reflexively headbutt those who attack you in melee.


Message History

You bump into the rock wall.
You feel less confused.
The orc wizard hits you but does no damage.
The orc priest mumbles some strange prayers to Beogh against you.
Pain shoots through your body! The orc hits you but does no damage.
You hit the orc priest but do no damage.
You barely miss the orc wizard. You barely miss the orc.
The orc wizard hits you with a +4 dagger.
The orc priest calls upon Beogh to heal the orc.
The orc's wounds heal themselves!
The orc hits you but does no damage.
Unknown command.
You hit the orc priest. You burn the orc priest.
The orc priest is moderately wounded.
You hit the orc wizard. You burn the orc wizard.
You hit the orc but do no damage.
The orc wizard hits you but does no damage.
The orc priest calls upon Beogh to heal the orc wizard.
The orc wizard is healed somewhat.
The orc hits you but does no damage.
You barely miss the orc priest.
The orc priest is moderately wounded.
You closely miss the orc. You barely miss the orc wizard.
The orc wizard gestures at you while chanting.
You are confused.
The orc priest hits you with a +0 morningstar!
The orc hits you with a +0 whip.
* * * LOW HITPOINT WARNING * * *
You closely miss the orc wizard.
The orc wizard is heavily wounded.
You barely miss the orc. You miss the orc priest.
The orc wizard hits you but does no damage.
The orc priest hits you with a +0 morningstar.
* * * LOW HITPOINT WARNING * * *
The orc hits you but does no damage.
The orc priest attacks as you move away!
The orc priest hits you with a +0 morningstar.
* * * LOW HITPOINT WARNING * * *
The orc wizard closely misses you.
The orc priest invokes the aid of Beogh against you.
Beogh smites you!
You die...

#...## ##...#
#....# ###.##
##.# #..# ###
#..#
#...#########.##
#.#..ooo@.....##
.∩...oo........#
#.############.##
##.## #..# ##.##
##.## #..#
##.######


You could see an orc priest, an orc wizard and 3 orcs.

Vanquished Creatures
  2 elf zombies (D:4)
  5 elf skeletons (D:4)
  A hound (D:5)
  2 human zombies (D:4)
  2 jellies
  3 orc wizards (D:4)
  5 adders
  An ufetubus (D:5)
  A worm (D:3)
  3 dart slugs
  12 orcs
  8 ball pythons
  3 bats
  6 endoplasms
  6 goblins
  4 hobgoblins
  6 jackals
  4 kobolds
  5 quokkas
  2 frilled lizards
  2 orc skeletons (D:4)
  4 rats
87 creatures vanquished.

Vanquished Creatures (collateral kills)
  An adder (D:4)
1 creature vanquished.

Vanquished Creatures (others)
  A fungus (D:2)
  4 plants (D:2)
5 creatures vanquished.

Grand Total: 93 creatures vanquished

Notes
Turn   | Place    | Note
-------+----------+-------------------------------------------
     0 | D:1      | brob1 the Minotaur Berserker began the quest for the Orb.
     0 | D:1      | Reached XP level 1. HP: 19/19 MP: 0/0
   244 | D:1      | Reached XP level 2. HP: 22/27 MP: 1/1
   246 | D:1      | Reached skill level 4 in Axes
   986 | D:2      | Reached ** piety under Trog
   987 | D:2      | Reached XP level 3. HP: 33/33 MP: 2/2
  1142 | D:2      | Found a faded altar of an unknown god.
  1387 | D:2      | Reached XP level 4. HP: 41/41 MP: 3/3
  2100 | D:3      | Reached skill level 5 in Axes
  2219 | D:3      | Reached XP level 5. HP: 47/47 MP: 4/4
  2709 | D:4      | Reached *** piety under Trog
  2712 | D:4      | Reached skill level 6 in Axes
  2875 | D:4      | Found Bubyuf's General Store.
  2975 | D:4      | Reached XP level 6. HP: 37/55 MP: 5/5
  3165 | D:4      | Reached skill level 5 in Fighting
  3165 | D:4      | Reached skill level 7 in Axes
  3165 | D:4      | Reached XP level 7. HP: 5/61 MP: 6/6
  3166 | D:4      | HP: 1/61 [human zombie (5)]
  3451 | D:4      | Identified the +7 sling "Ogrebane" {freeze, Drain rF+
                  | Int+4}
  3473 | D:4      | Reached skill level 8 in Axes
  3485 | D:4      | Reached skill level 5 in Armour
  3873 | D:5      | Entered Level 5 of the Dungeon
  4035 | D:5      | Found Xiuj's Magic Scroll Boutique.
  4048 | D:5      | Killed from afar by an orc priest

Illustrated notes

Levels and vault maps discovered:
D:1:      ncdulo_halloftheorcs, layout_basic
D:2:      layout_loops_ring, shapermc_ecumenical_altar_rom_forum
D:3:      layout_basic
D:4:      layout_cave_pods, serial_shops, kennysheep_little_box,
          nicolae_ossuary_entry_catacombs
D:5:      layout_cave_pods, serial_shops, nicolae_shop_crystal, uniq_duvessa

Skill      XL: |  1  2  3  4  5  6  7 |
---------------+----------------------+-----
Fighting       | 4 5 |  5.5
Axes           | 4 5 6 7 8 |  8.3
Dodging        | 3 |  3.5
Armour         | 3 4 5 |  5.1

Action                   |  1- 3 |  4- 6 |  7- 9 || total
-------------------------+-------+-------+-------++-------
Melee: Hand axe          |    72 |   114 |    46 ||   232
       Headbutt          |    11 |    18 |     7 ||    36
       Punch             |     2 |     1 |       ||     3
Invok: Berserk           |       |       |     1 ||     1
  Use: Scroll            |       |     6 |       ||     6
       Potion            |       |       |     1 ||     1
Armor: Animal skin       |     4 |       |       ||     4
       Plate armour      |    32 |   103 |    38 ||   173
Dodge: Dodged            |    38 |    61 |    14 ||   113
